 Dungeon Crawl Stone Soup version 0.28.0-43-g3370ac3207 (webtiles) character file.

Game seed: 3274919238797070342

577 polpol the Cudgeller (level 7, -4/42 HPs)
             Began as a Gargoyle Gladiator on Mar 8, 2022.
             Killed by divine providence
             ... invoked by an orc priest
              (12 damage)
             ... on level 4 of the Dungeon.
             The game lasted 00:09:31 (4472 turns).

polpol the Cudgeller (Gargoyle Gladiator)           Turns: 4472, Time: 00:09:31

Health: -4/42      AC: 13    Str: 19    XL:     7   Next: 35%
Magic:  7/7        EV: 10    Int:  9    God:
Gold:   197        SH:  0    Dex: 11    Spells: 6/6 levels left

rFire   . . .      SeeInvis .   a - +0 flail (flame)
rCold   . . .      Faith    .   (no shield)
rNeg    + . .      Spirit   .   r - +0 scale mail
rPois   ∞          Reflect  .   c - +0 helmet
rElec   +          Harm     .   (no cloak)
rCorr   .          Rampage  .   (no gloves)
Will    .....                   (no boots)
Stlth   ..........              (no amulet)
HPRegen 0.14/turn               (no ring)
MPRegen 0.10/turn               (no ring)

@: no status effects
A: sickness immunity, AC +4, negative energy resistance 1, electricity
resistance, torment resistance 1, petrification resistance
a: no special abilities


You were on level 4 of the Dungeon.
You visited 1 branch of the dungeon, and saw 4 of its levels.

You collected 220 gold pieces.
You spent 23 gold pieces at shops.

Inventory:

Hand Weapons
 a - a +0 flail of flaming (weapon)
Missiles
 d - 3 throwing nets (quivered)
Armour
 b - a +0 leather armour
 c - a +0 helmet (worn)
 q - a +0 helmet
 r - a +0 scale mail (worn)
Magical Staves
 h - a staff of death
Jewellery
 g - an amulet of faith
 m - a +4 ring of slaying
 s - a +6 ring of strength
Scrolls
 e - 4 scrolls of teleportation
 i - 2 scrolls of identify
 j - 2 scrolls of fear
 k - 3 scrolls of noise
 t - a scroll of summoning
 u - a scroll of brand weapon
Potions
 n - 2 potions of might {unknown}
 o - a potion of haste {unknown}
 p - 2 potions of cancellation {unknown}


   Skills:
 + Level 3.7 Fighting
 + Level 5.7 Maces & Flails
 + Level 1.8 Throwing
 + Level 3.8 Armour
 + Level 3.6 Dodging
 + Level 1.0 Stealth


You had 6 spell levels left.
You didn't know any spells.
Your spell library was empty.

Dungeon Overview and Level Annotations

Branches:
Dungeon (4/15)
 Temple: D:4-7

Altars:
Cheibriados
Fedhas
Sif Muna

Shops:
D:3 *


Innate Abilities, Weirdness & Mutations

You are immune to sickness and miasma.
Your stone body is resilient. (AC +4)
You are immune to poison.
You resist negative energy. (rN+)
You are resistant to electric shocks. (rElec)
You are resistant to unholy torment.
You are immune to petrification.


Message History

As you read the scroll labelled TIGAGU HYCSYSCH, it crumbles to dust.
It was a scroll of blinking.
Done exploring.
Done exploring.
An orc priest comes into view. It is wielding a +0 club.
You can't go down here!
The orc priest calls down the wrath of Beogh upon you.
Beogh smites you!
You hear a shout!
An orc and an orc priest come into view.
The orc shouts!
The orc priest calls down the wrath of Beogh upon you.
Pain shoots through your body!
The orc priest mumbles some strange prayers to Beogh against you.
Beogh smites you!
* * * LOW HITPOINT WARNING * * *
You barely miss the orc priest.
The orc priest mumbles some strange prayers to Beogh against you.
Beogh smites you!
* * * LOW HITPOINT WARNING * * *
You feel better. The orc priest hits you with a +0 club.
* * * LOW HITPOINT WARNING * * *
You sock the orc priest! You burn the orc priest.
You kill the orc priest!
You barely miss the orc. The orc hits you but does no damage.
You closely miss the orc.
The orc priest miscasts a cantrip.
The orc hits you with a +0 hand axe.
* * * LOW HITPOINT WARNING * * *
You closely miss the orc. The orc barely misses you.
You hit the orc. You burn the orc.
The orc is moderately wounded.
The orc priest looks encouraged for a moment.
The orc hits you with a +0 hand axe.
* * * LOW HITPOINT WARNING * * *
The orc priest calls upon Beogh to heal the orc.
The orc's wounds heal themselves!
The orc priest mumbles some strange prayers to Beogh against you.
Beogh smites you!
You die...

###### ##....# #### #####
#.....# #..# ##...#
##....###..###....#
#.....#.....###....
##...##......##..##
##.......#..##..###
#.<.........#..###.
##@........).......
####.o...........##...
#####.#...................
##.....#..o............###.
#........#.##.#.........##.
##.....<##..#.#.......####.
#.....###............# #.
#.....#...##.......### #.
####.....####.###.##.####.


You could see an orc priest and an orc.

Vanquished Creatures
  Grinder (D:4)
  A necrophage (D:4)
  A phantom (D:4)
  An orc priest (D:4)
  2 iguanas
  An orc wizard (D:4)
  A hound skeleton (D:4)
  A howler monkey skeleton (D:4)
  4 adders
  An ufetubus (D:4)
  A worm (D:4)
  2 dart slugs
  4 orcs (D:4)
  4 endoplasms
  A giant cockroach (D:2)
  4 goblins
  11 hobgoblins
  3 quokkas (D:1)
  7 ball pythons
  A bat (D:1)
  A frilled lizard (D:3)
  2 kobolds (D:4)
  3 rats (D:1)
  A spectral goblin (D:1)
59 creatures vanquished.

Notes
Turn   | Place    | Note
-------+----------+-------------------------------------------
     0 | D:1      | polpol the Gargoyle Gladiator began the quest for the Orb.
     0 | D:1      | Reached XP level 1. HP: 12/12 MP: 1/1
   262 | D:1      | Reached XP level 2. HP: 14/18 MP: 2/2
   373 | D:1      | You fall into a shaft and drop 1 floor!
   856 | D:1      | Found a faded altar of an unknown god.
   958 | D:1      | Reached XP level 3. HP: 12/22 MP: 3/3
  1982 | D:2      | Identified a scroll of acquirement
  1982 | D:2      | Acquired the +7 great mace "Rextoxto" {venom, rElec rF+
                  | Will+++ Dex-5}
  2450 | D:3      | Reached skill level 4 in Maces & Flails
  2450 | D:3      | Reached XP level 4. HP: 21/27 MP: 4/4
  2594 | D:3      | Found a blossoming altar of Fedhas.
  2675 | D:3      | Reached skill level 1 in Armour
  3097 | D:3      | Found Umuugh's Assorted Antiques.
  3202 | D:3      | Bought a scroll labelled VAMMUI VEODOIV for 23 gold pieces
  3548 | D:4      | Noticed a phantom
  3559 | D:4      | Killed a phantom
  3560 | D:4      | Reached XP level 5. HP: 24/32 MP: 5/5
  3741 | D:4      | Noticed a necrophage
  3751 | D:4      | Reached XP level 6. HP: 32/37 MP: 6/6
  3764 | D:4      | Killed a necrophage
  3765 | D:4      | Reached skill level 5 in Maces & Flails
  3893 | D:4      | Found a snail-covered altar of Cheibriados.
  3958 | D:4      | Noticed Grinder
  3973 | D:4      | Paralysed by Grinder for 7 turns
  3988 | D:4      | Paralysed by Grinder for 3 turns
  3999 | D:4      | Paralysed by Grinder for 5 turns
  4011 | D:4      | Killed Grinder
  4012 | D:4      | Reached XP level 7. HP: 21/42 MP: 7/7
  4279 | D:4      | Reached skill level 1 in Stealth
  4344 | D:4      | Found a shimmering blue altar of Sif Muna.
  4447 | D:4      | HP: 1/42 [orc priest/divine providence (9)]
  4472 | D:4      | Killed from afar by an orc priest

Illustrated notes

Levels and vault maps discovered:
D:1:      mrwooster_arrival_statue_2, layout_rooms,
          dreamdust_ecumenical_altar_drowned_temple, st_stairs_1
D:2:      layout_basic
D:3:      layout_loops_corners, mainiacjoe_overflow_catwalk, serial_shops,
          nicolae_shop_waterfront, minmay_quantized
D:4:      layout_cave_pools, lemuel_coloured_pillars_altar,
          kennysheep_slug_shrine, uniq_grinder

Skill      XL: |  1  2  3  4  5  6  7 |
---------------+----------------------+-----
Maces & Flails | 4 5 |  5.7
Armour         | 2 3 |  3.8
Fighting       | 3 |  3.7
Dodging        | 3 |  3.6
Stealth        | 1 |  1.0
Throwing       | |  1.8

Action                   |  1- 3 |  4- 6 |  7- 9 || total
-------------------------+-------+-------+-------++-------
Melee: Flail             |   121 |   107 |    22 ||   250
       Punch             |     1 |       |       ||     1
  Use: Scroll            |     7 |     3 |     1 ||    11
       Potion            |       |     2 |     1 ||     3
Armor: Leather armour    |    58 |    18 |       ||    76
       Scale mail        |       |     8 |    11 ||    19
Dodge: Dodged            |    94 |    72 |     9 ||   175
